 Dungeon Crawl Stone Soup version 0.22-a0-608-g8a62e23f9f (webtiles) character file.

316 Kholdaimon the Vexing (level 6, -3/24 HPs)
             Began as a Felid Enchanter on July 9, 2018.
             Was an Initiate of Dithmenos.
             Killed from afar by an orc wizard (8 damage)
             ... with a magic dart
             ... on level 5 of the Dungeon.
             The game lasted 00:48:29 (6143 turns).

Kholdaimon the Vexing (Felid Enchanter)             Turns: 6143, Time: 00:48:30

Health: -3/24      AC:  2    Str:  4    XL:     6   Next: 20%
Magic:  2/10       EV: 21    Int: 18    God:    Dithmenos [......]
Gold:   306        SH:  0    Dex: 17    Spells: 3/9 levels left
                                        Lives:  0   Deaths: 2

rFire    . . .     SeeInvis +     - Unarmed
rCold    . . .     Gourm    .   (shield unavailable)
rNeg     . . .     Faith    .   (armour unavailable)
rPois    .         Spirit   .   (helmet unavailable)
rElec    .         Reflect  .   (cloak unavailable)
rCorr    .         Harm     .   (gloves unavailable)
MR       .....                  (boots unavailable)
Stlth    ++++......             (no amulet)
HPRegen  0.08/turn              (no ring)
MPRegen  0.12/turn              (no ring)

@: quick
A: very small, no armour, no weapons or thrown items, stealth, claws 1, fangs 3,
see invisible, carnivore, speed 1, shaggy fur 2, slow metabolism 1, sharp paws
a: Renounce Religion


You were on level 5 of the Dungeon.
You worshipped Dithmenos.
Dithmenos was noncommittal.
You were very full.

You visited 2 branches of the dungeon, and saw 6 of its levels.

You collected 306 gold pieces.

Inventory:

Jewellery
 h - an uncursed ring of ice {unknown}
 p - an uncursed ring of positive energy {unknown}
Wands
 l - a wand of paralysis (12)
Scrolls
 c - 4 scrolls of identify {unknown}
 d - a scroll of remove curse {unknown}
 e - a scroll of amnesia {unknown}
 f - a scroll of blinking {unknown}
 k - a scroll of fog {unknown}
 n - a scroll of enchant weapon {unknown}
 q - 2 scrolls of teleportation {unknown}
Potions
 a - a potion of heal wounds {unknown}
 g - a potion of flight {unknown}
 i - 2 potions of curing {unknown}
 j - a potion of magic {unknown}
 m - 2 potions of degeneration {unknown}
 r - a potion of ambrosia {unknown}
Comestibles
 b - 14 rations
 o - 5 chunks of flesh


   Skills:
 + Level 5.3 Dodging
 + Level 6.8 Stealth
 + Level 3.6 Unarmed Combat
 + Level 2.3 Spellcasting
 + Level 7.2 Hexes
 - Level 2.1 Ice Magic


You had 3 spell levels left.
You knew the following spells:

 Your Spells              Type           Power        Failure   Level  Hunger
a - Corona                Hex            ####...      1%          1    #......
b - Ensorcelled Hibernat  Hex/Ice        ###...       3%          2    ##.....
c - Confuse               Hex            ####....     2%          3    ###....

Your spell library contained the following spells:

 Spells                   Type           Power        Failure   Level  Hunger
 Tukima's Dance           Hex            ####....     2%          3    ###....
 Dazzling Spray           Conj/Hex       ###...       12%         3    ###....


Dungeon Overview and Level Annotations

Branches:
Dungeon (5/15)             Temple (1/1) D:5

Altars:
Ashenzari
Cheibriados
Dithmenos
Gozag
Kikubaaqudgha
Sif Muna
Uskayaw
Wu Jian
Yredelemnul
The Shining One

Shops:
D:5 *

Annotations:
D:5 Prince Ribbit


Innate Abilities, Weirdness & Mutations

You cannot wear armour.
You are incapable of wielding weapons or throwing items.
Your paws allow you to move quietly. (Stealth)
You have sharp claws.
You have razor-sharp teeth.
You have supernaturally acute eyesight. (SInv)
You are carnivorous and can eat meat at any time.
You cover ground quickly.
You are covered in thick fur. (AC +2)
You have a slow metabolism.
Your sharp claws are effective at attacking unaware monsters.


Message History

Casting: Confuse (safe; 2% risk of failure)
Confirm with . or Enter, or press ? or * to list all spells.
You don't have enough magic to cast that spell.
You closely miss the orc wizard.
You bite the orc wizard, but do no damage.
The adder skeleton misses you.
The orc wizard gestures wildly while chanting.
The orc wizard blinks!
The adder skeleton completely misses you.
The orc wizard gestures wildly while chanting.
The orc wizard seems to speed up.
The orc wizard points at you and mumbles some strange words.
The magic dart hits you!
There is an open door here.
The orc wizard points at you and mumbles some strange words.
The magic dart hits you!
* * * LOW HITPOINT WARNING * * *
The orc wizard casts a spell at you. The magic dart hits you!
You die...

#.....#......#...#.....
#..######...###.#######
#..######...###.####.##
#......................
#..............>.......
#.....(..Z.............
#..##'####...##........
#.[##..###oZ...........
#...'.@..'..._.........
#...#....#...8.........
#..#######..._.........
#..##..###.............
#o.....................
#......................
#.....<.)....##...##...
#............##...##...
#......................


You could see an orc wizard and an adder skeleton.

Vanquished Creatures
  Sigmund (D:2)
  An ice beast (D:5)
  An ogre (D:5)
  A crimson imp (D:5)
  2 hounds (D:5)
  An orc priest (D:5)
  An orc wizard (D:3)
  2 worker ants
  4 gnolls (D:5)
  5 adders
  An adder skeleton (D:5)
  A worm (D:3)
  2 dart slugs
  8 leopard geckos
  8 orcs
  4 ball pythons
  2 giant cockroaches (D:4)
  2 goblins (D:1)
  9 hobgoblins
  15 jackals
  A quokka (D:5)
  6 bats
  2 frilled lizards
  5 kobolds
  2 leopard gecko skeletons
  3 rats
  A spectral orc (D:4)
91 creatures vanquished.

Notes
Turn   | Place    | Note
-------+----------+-------------------------------------------
     0 | D:1      | Kholdaimon the Felid Enchanter began the quest for the Orb.
     0 | D:1      | Reached XP level 1. HP: 7/7 MP: 4/4
   651 | D:1      | Reached XP level 2. HP: 11/11 MP: 6/6
   663 | D:1      | Learned a level 2 spell: Ensorcelled Hibernation
  1744 | D:2      | Found an ornate altar of the Wu Jian Council.
  1830 | D:2      | Found a glowing golden altar of the Shining One.
  1896 | D:2      | Reached skill level 5 in Hexes
  2115 | D:1      | Reached XP level 3. HP: 9/14 MP: 0/7
  2247 | D:1      | Learned a level 3 spell: Confuse
  2372 | D:2      | Noticed Sigmund
  2387 | D:2      | Killed Sigmund
  2387 | D:2      | Reached skill level 5 in Stealth
  2387 | D:2      | Reached skill level 6 in Hexes
  2387 | D:2      | Reached XP level 4. HP: 18/18 MP: 2/8
  2387 | D:2      | Reached XP level 5. HP: 21/21 MP: 2/9
  2500 | D:2      | Found a hide-covered altar of Uskayaw.
  3017 | D:3      | Found an opulent altar of Gozag.
  3263 | D:3      | Gained mutation: You are covered in thick fur. (AC +2) [Felid growth]
  3263 | D:3      | Reached XP level 6. HP: 24/24 MP: 3/10
  4636 | D:4      | Found a basalt altar of Yredelemnul.
  4682 | D:4      | Reached skill level 7 in Hexes
  4712 | D:4      | Found a snail-covered altar of Cheibriados.
  4781 | D:5      | Entered Level 5 of the Dungeon
  4818 | D:5      | Noticed a sky beast
  4843 | D:5      | Found a deep blue altar of Sif Muna.
  4843 | D:5      | Found an ancient bone altar of Kikubaaqudgha.
  5047 | D:5      | Noticed Prince Ribbit
  5116 | D:5      | HP: 1/24 [ogre/giant spiked club (23)]
  5436 | D:5      | Noticed an ice beast
  5465 | D:5      | Killed an ice beast
  5465 | D:5      | Reached skill level 5 in Dodging
  5465 | D:5      | Reached XP level 7. HP: 27/27 MP: 8/11
  5535 | D:5      | Found Jeujibag's General Store.
  5536 | D:5      | Found a staircase to the Ecumenical Temple.
  5536 | D:5      | HP: 1/27 [orc priest/divine providence (8)]
  5539 | D:5      | Killed from afar by an orc priest
  5540 | D:5      | Reached XP level 6. HP: -9/24 MP: 1/10
  5568 | D:5      | Killed from afar by an orc priest
  5569 | D:5      | Reached XP level 5. HP: -3/21 MP: 2/9
  5650 | D:5      | Found the +7 Kryia's mail coat {PotionHeal*2 rC+}
  5992 | D:5      | Reached XP level 6. HP: 24/24 MP: 7/10
  6018 | Temple   | Entered the Ecumenical Temple
  6022 | Temple   | Became a worshipper of Dithmenos the Shadowed
  6143 | D:5      | Killed from afar by an orc wizard

Vault maps used:
D:1:      doesnt_arrival_eight_statues
D:2:      tso_metal_star, eat_drink_and_be_merry_uskayaw, old_standard_altar,
          uniq_sigmund
D:3:      nicolae_gozag_seed_capital, first_ration
D:4:      lemuel_round_altar, yredelemnul_forgotten_temple_becter,
          minmay_misc_feat_doors
D:5:      chequers_temple_overflow_statue_of_worship, temple_statues,
          serial_shops, kennysheep_mini_moat, cheibrodos_gnoll_hut,
          uniq_prince_ribbit1
Temple:   nicolae_temple_hex_pool

Skill      XL: |  1  2  3  4  5  6 |
---------------+-------------------+-----
Dodging        | 3 4 5 |  5.3
Hexes          | 5 6 7 |  7.2
Stealth        | 5 6 |  6.8
Unarmed Combat | 2 3 |  3.6
Ice Magic      | 2 |  2.1
Spellcasting   | |  2.3

Action                   |  1- 3 |  4- 6 |  7- 9 || total
-------------------------+-------+-------+-------++-------
Melee: Unarmed           |    99 |   158 |     3 ||   260
       Bite              |    10 |     8 |       ||    18
       Punch             |       |     1 |     1 ||     2
 Cast: Corona            |     3 |       |       ||     3
       Ensorcelled Hiber |    24 |    69 |     4 ||    97
       Confuse           |     3 |     9 |     1 ||    13
 Stab: Sleeping          |    13 |    47 |     2 ||    62
       Confused          |     3 |     6 |       ||     9
       Distracted        |       |     2 |       ||     2
  Eat: Chunk             |    12 |    17 |       ||    29
Armor: Skin              |     6 |    11 |     1 ||    18
Dodge: Dodged            |   101 |   127 |     1 ||   229

Table legend:
 A = Spawn XP
 B = Non-spawn XP
 C = Spawn XP percentage of total XP
 D = Spawn monster count
 E = Non-spawn monster count
 F = Spawn count percentage of total count
 G = Total turns spent on level
                    A         B        C        D         E        F      G
               +---------+---------+-------+---------+---------+-------+---------
         Total |       0 |    1037 |   0.0 |       0 |      91 |   0.0 |  6143
               +---------+---------+-------+---------+---------+-------+---------
           D:1 |       0 |      32 |   0.0 |       0 |      13 |   0.0 |  1674
           D:2 |       0 |     263 |   0.0 |       0 |      18 |   0.0 |  1196
           D:3 |       0 |     119 |   0.0 |       0 |      24 |   0.0 |  1147
           D:4 |       0 |      89 |   0.0 |       0 |      19 |   0.0 |   786
           D:5 |       0 |     534 |   0.0 |       0 |      17 |   0.0 |  1331
               +---------+---------+-------+---------+---------+-------+---------
